[Event "Titled Tuesday Blitz February 07 Early 2023"]
[White "Kozak, Adam"]
[Black "Rakhmanov, Aleksandr"]
[WhiteFideId "753246"]
[BlackFideId "4173708"]
[WhiteElo "2572"]
[BlackElo "2632"]
[Result "0-1"]
[Round "10"]
[TimeControl "180+2"]
[Date "2023.02.07"]
[WhiteClock "0:00:01"]
[BlackClock "0:00:04"]

1. c4 e5 2. Nc3 Bb4 3. Nf3 Bxc3 4. dxc3 d6 5. c5 Ne7 6. cxd6 cxd6 7. e4 O-O 8. Be2 Nbc6 9. O-O h6 10. c4 Be6 11. b3 f5 12. exf5 Nxf5 13. Bd3 Nfd4 14. Nxd4 Nxd4 15. Be3 Qh4 16. f3 d5 17. Qe1 Qxe1 18. Rfxe1 dxc4 19. bxc4 Rad8 20. Bf1 Nc2 21. Bxa7 Nxa1 22. Rxa1 Ra8 23. Bb6 Ra4 24. c5 Bc4 25. Bxc4+ Rxc4 26. a4 e4 27. fxe4 Rxe4 28. a5 Rc4 29. h3 Rc2 30. Kh1 Re8 31. Ra3 Re1+ 32. Kh2 Ree2 33. Rg3 Kf7 34. Rg4 g5 35. h4 Kg6 36. hxg5 h5 37. Rg3 h4 38. Rg4 Kh5 39. Kh3 Re3+ 40. g3 Rxg3+ 41. Rxg3 hxg3 42. Kxg3 Kxg5 43. Kf3 Kf5 44. Ke3 Ke5 45. Kd3 Rc1 46. Kd2 Rc4 47. Kd3 Kd5 48. Kd2 Ke4 49. Ke2 Rc2+ 50. Ke1 Kd3 51. Kf1 Ke3 52. Kg1 Kf3 53. Kh1 Kg3 0-1


[Site "https://www.chess.com"]

[Event "Titled Tuesday Blitz February 07 Early 2023"]
[White "Sjugirov, Sanan"]
[Black "Rakhmatullaev, Almas"]
[WhiteFideId "4189302"]
[BlackFideId "14205793"]
[WhiteElo "2712"]
[BlackElo "2275"]
[Result "1-0"]
[Round "10"]
[TimeControl "180+2"]
[Date "2023.02.07"]
[WhiteClock "0:00:05"]
[BlackClock "0:00:03"]

1. d4 Nf6 2. c4 e6 3. Nf3 d5 4. Nc3 a6 5. cxd5 exd5 6. Bg5 Be7 7. e3 h6 8. Bxf6 Bxf6 9. Bd3 O-O 10. O-O Re8 11. b4 Nc6 12. a3 Ne7 13. a4 Be6 14. Qb3 Qd6 15. Rac1 Rec8 16. a5 b6 17. Na4 Rcb8 18. Qc3 Bd7 19. Ra1 Nc6 20. Rfb1 Be7 21. axb6 cxb6 22. b5 axb5 23. Bxb5 Bd8 24. Rc1 Rc8 25. Qb2 Rab8 26. Nc3 Na5 27. Bxd7 Qxd7 28. Ne5 Qe6 29. Qb5 Bc7 30. Nf3 Rd8 31. Qd3 Nb3 32. Nb5 Nxc1 33. Rxc1 Bd6 34. g3 Rbc8 35. Rb1 Rc4 36. Nd2 Rc6 37. Kg2 Rdc8 38. Qe2 Rc2 39. Qd1 Qf6 40. Nf3 R8c4 41. Ra1 Bf8 42. Ra8 Rc8 43. Ra1 g5 44. h3 h5 45. Qe1 g4 46. hxg4 hxg4 47. Nh2 Qf5 48. Na3 Bxa3 49. Rxa3 Rc1 50. Qe2 R8c2 51. Qxg4+ Qxg4 52. Nxg4 Rb1 53. Nf6+ Kg7 54. Nxd5 Rbb2 55. Kf3 Rxf2+ 56. Ke4 Rg2 57. Ra6 b5 58. Nf4 Rgf2 59. Nh5+ Kf8 60. Nf4 Rfd2 61. Nd5 Ra2 62. Rb6 Rdb2 63. Nc3 Ra5 64. Nd5 Ra4 65. g4 b4 66. g5 b3 67. Rb8+ Kg7 68. Nf6 1-0


[Site "https://www.chess.com"]

[Event "Titled Tuesday Blitz February 07 Early 2023"]
[White "Fier, Alexandr"]
[Black "Timofeev, Artyom"]
[WhiteFideId "2107139"]
[BlackFideId "4140419"]
[WhiteElo "2589"]
[BlackElo "2567"]
[Result "1-0"]
[Round "10"]
[TimeControl "180+2"]
[Date "2023.02.07"]
[WhiteClock "0:01:43"]
[BlackClock "0:00:38"]

1. d4 d5 2. c4 e6 3. Nc3 c6 4. Nf3 Nf6 5. Bg5 Nbd7 6. e3 Be7 7. Rc1 O-O 8. Bd3 dxc4 9. Bxc4 b5 10. Bd3 Bb7 11. O-O a6 12. Bxf6 Nxf6 13. Ne4 Rc8 14. Nxf6+ Bxf6 15. b4 Be7 16. a3 a5 17. Qb3 axb4 18. axb4 Qd5 19. Qb1 g6 20. Be4 Qd6 21. Rc5 Qd8 22. Rc3 Qd6 23. Rb3 Ra8 24. Rc1 Ra4 25. Ne5 Rxb4 26. Rxb4 Qxb4 27. Bxc6 Qxb1 28. Rxb1 Bxc6 29. Nxc6 Bd6 30. Rxb5 Rc8 31. Rb6 Kf8 32. g3 Ke8 33. Kg2 Kd7 34. Na5 Bc7 35. Rb7 Ra8 36. Nb3 Kc8 37. Rb4 Bd6 38. Rc4+ Kd7 39. Nd2 f5 40. Nf3 Ke7 41. h3 h6 42. g4 g5 43. Rc2 Ra3 44. Rb2 Ra7 45. Rb5 Kf6 46. d5 fxg4 47. hxg4 Ra4 48. Rb6 Ke7 49. Nd4 Bc5 50. Rxe6+ Kf7 51. Nf5 Rxg4+ 52. Kf3 Ra4 53. Nxh6+ Kg7 54. Nf5+ Kf7 55. Rc6 g4+ 56. Kg3 Ba3 57. Nh6+ Ke7 58. Nxg4 Bd6+ 59. Kf3 Kd7 60. Nf6+ Ke7 61. Ne4 Be5 62. Re6+ 1-0


[Site "https://www.chess.com"]

[Event "Titled Tuesday Blitz February 07 Early 2023"]
[White "Kukhmazov, Arsen"]
[Black "Galchenko, Matvey"]
[WhiteFideId "24108260"]
[BlackFideId "24175480"]
[WhiteElo "2512"]
[BlackElo "2438"]
[Result "1-0"]
[Round "10"]
[TimeControl "180+2"]
[Date "2023.02.07"]
[WhiteClock "0:01:41"]
[BlackClock "0:00:08"]

1. d4 d5 2. c4 e6 3. Nf3 c6 4. Qc2 dxc4 5. Qxc4 Nf6 6. g3 b5 7. Qc2 Bb7 8. Bg2 Nbd7 9. Ne5 Nxe5 10. dxe5 Nd5 11. O-O c5 12. Nc3 Nb4 13. Qb1 Bxg2 14. Kxg2 Qb6 15. Qe4 Rc8 16. a4 bxa4 17. Rxa4 Be7 18. Be3 O-O 19. Rfa1 Rc7 20. h4 Rb8 21. Ra5 h6 22. Rb5 Rd7 23. Rxb6 axb6 24. Ra8 Rdd8 25. Rxb8 Rxb8 26. Nb5 Bf8 27. Bd2 Nd5 28. Qc4 Rd8 29. e4 Ne7 30. Bc3 Nc6 31. Nc7 Rd7 32. Nxe6 1-0


[Site "https://www.chess.com"]

[Event "Titled Tuesday Blitz February 07 Early 2023"]
[White "Szpar, Milosz"]
[Black "Zemlyanskii, Ivan"]
[WhiteFideId "1184989"]
[BlackFideId "24249971"]
[WhiteElo "2447"]
[BlackElo "2300"]
[Result "1/2-1/2"]
[Round "10"]
[TimeControl "180+2"]
[Date "2023.02.07"]
[WhiteClock "0:00:10"]
[BlackClock "0:00:12"]

1. e4 Nc6 2. Nf3 d5 3. exd5 Qxd5 4. Nc3 Qd6 5. g3 Nf6 6. Bg2 Bf5 7. O-O e6 8. d4 Be7 9. Bf4 Qd8 10. Ne5 Nd5 11. Nxd5 exd5 12. Qh5 Be6 13. Nxc6 bxc6 14. Qe5 Bf6 15. Qe3 O-O 16. c3 Qd7 17. Rfe1 h6 18. Be5 Be7 19. Qd3 Bd6 20. Re3 Rfe8 21. Rae1 Bf5 22. Qe2 Re6 23. Qh5 Re7 24. Qh4 Rae8 25. Qf4 Bg6 26. h4 f6 27. Bxd6 cxd6 28. Kh2 Rxe3 29. Rxe3 Rxe3 30. Qxe3 Bf5 31. Bf1 Qe6 32. Qxe6+ Bxe6 33. b4 Kf7 34. Kg2 g5 35. Kf3 Bf5 36. Ke3 Ke7 37. a4 Kd7 38. a5 Bg4 39. Bd3 Be6 40. f4 Ke7 41. Kd2 Bd7 42. Ke3 Kf7 43. Kf3 Ke7 44. Ba6 Kf7 45. Bb7 Ke7 46. Ba6 Kf7 47. Bf1 Ke7 48. Ke3 Kf7 49. Be2 Ke7 50. Bf3 Be6 51. hxg5 hxg5 52. Be2 Bd7 53. Bd3 Be6 54. Kf3 Bd7 55. Bc2 Kf7 56. Ba4 Ke7 57. Bc2 Kf7 58. f5 Kg7 59. g4 Kf7 60. Bd3 Ke7 61. Ke3 Kd8 62. Kd2 Kc7 63. Kc2 Be8 64. Kb3 Bf7 65. Ka4 Be8 66. Kb3 Bf7 67. Ka3 Be8 68. Be2 Bf7 69. Bf1 Be8 70. Be2 Bf7 71. Bf3 Bg8 72. Ka4 a6 73. Be2 Kb7 74. Kb3 Bf7 75. Kc2 Bg8 76. Bd3 Bf7 77. Be2 Bg8 78. Bd3 Bf7 79. Be2 1/2-1/2


[Site "https://www.chess.com"]

[Event "Titled Tuesday Blitz February 07 Early 2023"]
[White "Gjestemoen-VonHirsch, Andre"]
[Black "Zahid, Sanatan"]
[WhiteFideId "1539531"]
[BlackFideId "10201963"]
[WhiteElo "2314"]
[BlackElo "1930"]
[Result "1-0"]
[Round "10"]
[TimeControl "180+2"]
[Date "2023.02.07"]
[WhiteClock "0:00:30"]
[BlackClock "0:00:24"]

1. d4 Nf6 2. Bf4 g6 3. Nc3 d5 4. e3 c6 5. h4 h5 6. Be2 Bg7 7. Nf3 Bg4 8. Ne5 Bxe2 9. Qxe2 Nbd7 10. O-O-O Qa5 11. Kb1 Qb6 12. f3 Bh6 13. Bxh6 Rxh6 14. e4 dxe4 15. Nxe4 Nxe4 16. Qxe4 Nxe5 17. dxe5 Rd8 18. e6 f6 19. Rxd8+ Qxd8 20. Qe3 Rh7 21. Qxa7 Qc8 22. Qe3 Qd8 23. Qe2 Kf8 24. Rd1 Qb6 25. b3 Kg7 26. Rd7 Kh6 27. Qd2+ g5 28. Kb2 Rg7 29. g4 Qc5 30. hxg5+ fxg5 31. gxh5 Qe5+ 32. Qc3 Qxe6 33. Rxb7 Rf7 34. a4 Kxh5 35. a5 c5 36. Rb6 Qd5 37. Rb5 Rxf3 38. Rxc5 Qe4 39. Qh8+ Kg4 40. Qc8+ e6 41. Rc4 Qxc4 42. Qxc4+ Kg3 43. Qxe6 g4 44. Qe5+ Kg2 45. a6 Rf7 46. Qd5+ Rf3 47. a7 Kh2 48. Qxf3 gxf3 49. a8=Q f2 50. Qf8 f1=Q 51. Qxf1 Kg3 52. b4 Kh2 53. b5 Kg3 54. b6 Kh4 55. b7 Kg5 56. Qf3 Kh4 57. c4 Kg5 58. c5 Kg6 59. c6 Kg7 60. Kc3 Kg6 61. Kd4 Kh6 62. Ke5 Kg7 63. Qg4+ Kf7 64. Qe6+ Kf8 65. Qd7 Kg8 66. b8=Q# 1-0


[Site "https://www.chess.com"]

[Event "Titled Tuesday Blitz February 07 Early 2023"]
[White "Kollars, Dmitrij"]
[Black "Vakhlamov, Igor L."]
[WhiteFideId "12909572"]
[BlackFideId "24126748"]
[WhiteElo "2607"]
[BlackElo "2413"]
[Result "0-1"]
[Round "10"]
[TimeControl "180+2"]
[Date "2023.02.07"]
[WhiteClock "0:00:06"]
[BlackClock "0:00:09"]

1. c4 e6 2. d4 d5 3. Nc3 c5 4. cxd5 cxd4 5. Qa4+ Bd7 6. Qxd4 exd5 7. Nf3 Nf6 8. Bg5 Be7 9. e3 Nc6 10. Qd3 O-O 11. Be2 h6 12. Bh4 Be6 13. O-O Qb6 14. Qb5 Rfd8 15. Rfd1 Rac8 16. Qxb6 axb6 17. Rac1 g5 18. Bg3 Ne4 19. Na4 Bc5 20. Be5 g4 21. Bf4 gxf3 22. gxf3 Ng5 23. Kg2 d4 24. h4 Nh7 25. Nxc5 bxc5 26. Rxc5 dxe3 27. fxe3 Bxa2 28. Bxh6 Rxd1 29. Bxd1 Rd8 30. Bc2 Nb4 31. Bf5 Be6 32. Be4 Nd5 33. Rb5 Rd7 34. Bb1 f6 35. Kg3 Nf8 36. e4 Ne7 37. Rb6 Nc6 38. b4 Rh7 39. Be3 Rg7+ 40. Kf2 Ne5 41. Bd4 Rd7 42. Be3 Nc4 43. Rb5 Na3 44. Rc5 Nxb1 45. Bc1 Kf7 46. Ke3 b6 47. Rc2 Ra7 48. h5 Na3 49. Rc6 Nc4+ 50. Kf4 b5 51. Rc5 Rb7 52. Kg3 Ne5 53. f4 Nd3 54. Rc3 Nxc1 55. Rxc1 Kg7 56. f5 Bc4 57. Kf4 Kh6 58. Rg1 Bf7 59. Rd1 Rd7 60. Rc1 Rd4 61. Rc6 Kg7 62. h6+ Kxh6 63. Rxf6+ Kg7 64. Rb6 Rxb4 65. Rb7 Kg8 66. Ke5 Nh7 67. Rb6 Ng5 68. Kf4 Nxe4 69. Ke5 Nc5 70. Rb8+ Kg7 71. Rc8 Nd7+ 72. Kd6 Nf6 73. Rb8 Rd4+ 74. Ke5 Rd5+ 75. Kf4 Nh5+ 76. Ke4 Nf6+ 77. Kf4 Rc5 78. Rb6 Rc4+ 79. Ke3 b4 80. Kd3 Rf4 81. Ke3 Rh4 82. Kd3 b3 83. Kc3 Rf4 84. Kb2 Rxf5 85. Rb4 Rf2+ 86. Ka3 Ra2# 0-1


[Site "https://www.chess.com"]

[Event "Titled Tuesday Blitz February 07 Early 2023"]
[White "Vasquez Schroeder, Rodrigo"]
[Black "Indjic, Aleksandar"]
[WhiteFideId "3400042"]
[BlackFideId "911925"]
[WhiteElo "2524"]
[BlackElo "2618"]
[Result "1-0"]
[Round "10"]
[TimeControl "180+2"]
[Date "2023.02.07"]
[WhiteClock "0:00:20"]
[BlackClock "0:00:06"]

1. d4 Nf6 2. c4 e6 3. Nf3 c5 4. e3 d5 5. Nc3 a6 6. b3 Nc6 7. Bb2 dxc4 8. bxc4 cxd4 9. exd4 Bb4 10. a3 Bxc3+ 11. Bxc3 O-O 12. Bd3 b5 13. cxb5 axb5 14. Bxb5 Qd5 15. a4 Ba6 16. Bxa6 Rxa6 17. O-O Rfa8 18. Re1 Qc4 19. Bb2 Nd5 20. Rc1 Qb4 21. Qc2 Nce7 22. Ng5 Ng6 23. Ne4 Qxa4 24. Qd2 Qe8 25. g3 h6 26. Rc2 Nge7 27. Bc1 Qb5 28. Nc5 R6a7 29. Rd1 Nf5 30. Bb2 Ra2 31. Bc1 Rxc2 32. Qxc2 Ra1 33. Kg2 h5 34. h4 g6 35. Kh2 Qb8 36. Bf4 Qa8 37. Rxa1 Qxa1 38. Be5 Qf1 39. Ne4 Kh7 40. Ng5+ Kg8 41. Qc8# 1-0


[Site "https://www.chess.com"]

[Event "Titled Tuesday Blitz February 07 Early 2023"]
[White "Ahmadzada, Ahmad"]
[Black "Zierk, Steven"]
[WhiteFideId "13413007"]
[BlackFideId "2034255"]
[WhiteElo "2488"]
[BlackElo "2488"]
[Result "1/2-1/2"]
[Round "10"]
[TimeControl "180+2"]
[Date "2023.02.07"]
[WhiteClock "0:00:04"]
[BlackClock "0:00:04"]

1. Nf3 e6 2. g3 f5 3. Bg2 Nf6 4. O-O d5 5. d3 b6 6. c4 Bd6 7. Nc3 Bb7 8. cxd5 exd5 9. e4 dxe4 10. dxe4 Nxe4 11. Ng5 Nxc3 12. Qb3 Ne2+ 13. Kh1 Bxg2+ 14. Kxg2 Qd7 15. Re1 Nc6 16. Rxe2+ Be5 17. Nf3 O-O-O 18. Nxe5 Qe8 19. Nxc6 Qxc6+ 20. Qf3 Qxf3+ 21. Kxf3 Rd1 22. b3 g5 23. Bb2 Rhd8 24. Rxd1 Rxd1 25. g4 Rd3+ 26. Re3 fxg4+ 27. Ke2 Rd6 28. Re4 h5 29. Re5 Rc6 30. Kd3 Rd6+ 31. Ke3 Rc6 32. Rxg5 Rc2 33. Be5 Rxa2 34. Rxh5 Ra3 35. Rh8+ Kd7 36. Rh7+ Ke6 37. Bxc7 Rxb3+ 38. Kf4 Rf3+ 39. Kxg4 Rxf2 40. Bg3 Ra2 41. Rb7 Kf6 42. h4 Ra1 43. h5 Rg1 44. Rxa7 b5 45. Ra6+ Kg7 46. Rb6 Kh7 47. Rxb5 Kh6 48. Rb6+ Kh7 49. Kf3 Rf1+ 50. Bf2 Rh1 51. Rb5 Rf1 52. Kg2 Rc1 53. Rb7+ Kg8 54. Rb5 Rc2 55. Kf3 Kh7 56. Be3 Rc7 57. Kg4 Rc4+ 58. Bf4 Re4 59. Rb7+ Kg8 60. Kf5 Rc4 61. Kg6 Rxf4 62. Rb8+ Rf8 63. Rb7 Rd8 64. Rg7+ Kh8 65. Rh7+ Kg8 66. Rg7+ Kh8 67. Re7 Rd6+ 68. Kf7 Rd8 69. Re6 Rd7+ 70. Kf8 Kh7 71. Re7+ Rxe7 72. Kxe7 Kh6 73. Ke6 Kxh5 1/2-1/2


[Site "https://www.chess.com"]

[Event "Titled Tuesday Blitz February 07 Early 2023"]
[White "Sychev, Klementy"]
[Black "Kilic, Eray"]
[WhiteFideId "4114060"]
[BlackFideId "44517173"]
[WhiteElo "2547"]
[BlackElo "2414"]
[Result "0-1"]
[Round "10"]
[TimeControl "180+2"]
[Date "2023.02.07"]
[WhiteClock "0:00:00"]
[BlackClock "0:00:34"]

1. e4 c5 2. Nf3 d6 3. d4 cxd4 4. Nxd4 Nf6 5. Nc3 a6 6. Bg5 e6 7. f4 Be7 8. Qf3 Nbd7 9. Bc4 Nc5 10. O-O-O Qc7 11. Rhe1 b5 12. Bxb5+ axb5 13. Ndxb5 Qb6 14. e5 Bb7 15. Qh3 dxe5 16. fxe5 Nfe4 17. Bxe7 Kxe7 18. Rd6 Nxd6 19. exd6+ Kd7 20. Qh5 Rhf8 21. Rf1 f5 22. Qg5 Rf7 23. Qh5 g6 24. Qe2 Ne4 25. Rd1 Bc6 26. Nxe4 Bxb5 27. c4 Bxc4 28. Qxc4 Rc8 29. Nd2 Rxc4+ 30. Nxc4 Qc5 31. b3 Rf8 32. Kb2 Ra8 33. Rd2 e5 34. g3 e4 35. Kc3 Re8 36. b4 Qg1 37. b5 e3 38. Kb3 exd2 0-1


[Site "https://www.chess.com"]

[Event "Titled Tuesday Blitz February 07 Early 2023"]
[White "Chigaev, Maksim"]
[Black "Avinash, Ramesh"]
[WhiteFideId "4108116"]
[BlackFideId "45018340"]
[WhiteElo "2628"]
[BlackElo "2319"]
[Result "0-1"]
[Round "10"]
[TimeControl "180+2"]
[Date "2023.02.07"]
[WhiteClock "0:00:18"]
[BlackClock "0:00:07"]

1. e4 c5 2. Nf3 d6 3. d4 cxd4 4. Nxd4 Nf6 5. Nc3 a6 6. Bg5 Nbd7 7. Bc4 e6 8. Qd2 Qa5 9. O-O-O Be7 10. f3 Ne5 11. Bb3 Bd7 12. Kb1 b5 13. h4 h6 14. Be3 h5 15. Bg5 Rb8 16. Ka1 Qc7 17. f4 Nc4 18. Bxc4 Qxc4 19. Rhe1 b4 20. Nd5 exd5 21. exd5 Kf8 22. f5 Re8 23. Qf4 Qc7 24. Qf3 Bd8 25. Rxe8+ Nxe8 26. Re1 Bf6 27. Nc6 Bxc6 28. dxc6 Be5 29. Qd5 f6 30. Be3 Qc8 31. Qc4 Nc7 32. Bb6 Qb8 33. Ba5 Qb5 34. Qxb4 Qxb4 35. Bxb4 Ke7 36. c4 Rb8 37. Ba5 Ne8 38. Re2 Rc8 39. Kb1 Rxc6 40. b3 Kd7 41. Kc2 d5 42. Rd2 d4 43. Bc3 Rd6 44. Bb4 Rc6 45. Bc3 Nd6 46. Bxd4 Bxd4 47. Rxd4 Ke7 48. Rd5 Nb7 49. Kc3 Rc5 50. Kd4 Rxd5+ 51. Kxd5 Kd7 52. c5 Nd8 53. b4 Nc6 54. a3 Ne7+ 55. Ke4 Kc6 56. g3 Kb5 57. Kd4 Nxf5+ 58. Kd5 Ne3+ 59. Kd6 Nc4+ 60. Kd7 Nxa3 61. c6 Nc4 62. c7 Nb6+ 63. Ke6 Kxb4 64. Kf7 a5 65. Kxg7 a4 66. g4 a3 67. gxh5 a2 68. h6 a1=Q 69. h7 f5+ 70. Kg8 Qg1+ 71. Kf7 Qd4 72. Kg8 Qd5+ 73. Kg7 Qe5+ 74. Kg8 Qe6+ 75. Kg7 Qe7+ 76. Kg8 Qxh4 77. h8=Q Qxh8+ 78. Kxh8 f4 79. Kg7 f3 80. Kf6 f2 81. Ke6 f1=Q 82. Kd6 Qf5 83. Kc6 Qc5+ 84. Kb7 Ka5 85. Kb8 Qf8+ 86. Kb7 Qa8# 0-1


[Site "https://www.chess.com"]

[Event "Titled Tuesday Blitz February 07 Early 2023"]
[White "Orozbaev, Eldiar"]
[Black "Ter-Sahakyan, Samvel"]
[WhiteFideId "13802240"]
[BlackFideId "13302531"]
[WhiteElo "2235"]
[BlackElo "2617"]
[Result "1-0"]
[Round "10"]
[TimeControl "180+2"]
[Date "2023.02.07"]
[WhiteClock "0:01:11"]
[BlackClock "0:00:06"]

1. e4 c5 2. c3 d5 3. exd5 Nf6 4. Nf3 Nxd5 5. d4 e6 6. Be2 Be7 7. O-O O-O 8. Nbd2 Nd7 9. Ne4 cxd4 10. Nxd4 N7f6 11. Bd3 Nxe4 12. Bxe4 Nf6 13. Bc2 Qc7 14. Qe2 b6 15. Bg5 Bb7 16. Bh4 Rad8 17. Rfe1 Bd5 18. Nf5 exf5 19. Qxe7 Qxe7 20. Rxe7 Be6 21. Bxf6 gxf6 22. Rxa7 Rd2 23. Rc1 Rfd8 24. h3 Re2 25. Bb3 Rdd2 26. Rf1 Rxb2 27. Bxe6 Rxe6 28. Rd1 Re8 29. Rdd7 Rf8 30. Rd5 Rc2 31. Rxf5 Kg7 32. Rf3 Rc8 33. Rg3+ Kf8 34. Rb7 Rc1+ 35. Kh2 R8xc3 36. Rxb6 Rxg3 37. Kxg3 Rc3+ 38. f3 Ra3 39. Rb2 Ra4 40. Re2 Kg7 41. Kf2 f5 42. Ke1 Rd4 43. Rd2 Rb4 44. Kd1 Rb1+ 45. Kc2 Rg1 46. a4 Kf6 47. Kb3 Ke5 48. a5 1-0


[Site "https://www.chess.com"]

[Event "Titled Tuesday Blitz February 07 Early 2023"]
[White "Vaishali, Rameshbabu"]
[Black "Samunenkov, Ihor"]
[WhiteFideId "5091756"]
[BlackFideId "14187086"]
[WhiteElo "2418"]
[BlackElo "2501"]
[Result "0-1"]
[Round "10"]
[TimeControl "180+2"]
[Date "2023.02.07"]
[WhiteClock "0:00:03"]
[BlackClock "0:00:05"]

1. d4 d5 2. c4 e6 3. Nc3 a6 4. cxd5 exd5 5. Bf4 Nf6 6. e3 Bd6 7. Bxd6 Qxd6 8. Bd3 O-O 9. Nge2 b6 10. Qd2 Bb7 11. f3 c5 12. O-O Nc6 13. Rad1 Rfe8 14. Bb1 Rad8 15. Kh1 Qe7 16. Nf4 Qxe3 17. Qxe3 Rxe3 18. dxc5 d4 19. Na4 b5 20. Nb6 Kf8 21. Nd3 Rde8 22. b4 Bc8 23. a3 Be6 24. Kg1 Bc4 25. Rfe1 Bxd3 26. Rxe3 dxe3 27. Bxd3 Nd4 28. Re1 g5 29. Kf1 h6 30. Rc1 Re6 31. Be2 Ke8 32. Rd1 Nb3 33. Rd3 Nd2+ 34. Ke1 Nh5 35. g3 Nf6 36. Nd5 Nxd5 37. Rxd5 Ke7 38. Rd3 Nc4 39. Kd1 Nb2+ 40. Kc2 Nxd3 41. Kxd3 f5 42. Kd4 f4 43. g4 Kd7 44. Kd5 Re8 45. c6+ Kc7 46. Kc5 Re6 47. a4 Rxc6+ 48. Kd5 bxa4 49. b5 axb5 50. Bxb5 Rc1 51. Bxa4 e2 0-1


[Site "https://www.chess.com"]

[Event "Titled Tuesday Blitz February 07 Early 2023"]
[White "Harshavardhan G B"]
[Black "Yuan, Qingyu"]
[WhiteFideId "25059009"]
[BlackFideId "8609772"]
[WhiteElo "2408"]
[BlackElo "2373"]
[Result "1-0"]
[Round "10"]
[TimeControl "180+2"]
[Date "2023.02.07"]
[WhiteClock "0:00:16"]
[BlackClock "0:00:02"]

1. d4 d5 2. c4 e6 3. Nf3 Nf6 4. Nc3 Be7 5. Bf4 O-O 6. e3 Nbd7 7. c5 c6 8. Bd3 b6 9. b4 a5 10. a3 Ba6 11. Bxa6 Rxa6 12. b5 cxb5 13. c6 Qc8 14. c7 b4 15. Nb5 a4 16. axb4 Bxb4+ 17. Ke2 Ra5 18. Qd3 Ne4 19. Rhc1 Qa6 20. Nd6 Nxd6 21. Qxa6 Rxa6 22. Bxd6 Bxd6 23. c8=Q Rxc8 24. Rxc8+ Bf8 25. Rd8 Ra7 26. Rb1 a3 27. Nd2 g6 28. Rc8 Kg7 29. Rc2 Nf6 30. f3 Ne8 31. Ra2 Ra6 32. Rb3 Nc7 33. Rc3 Ra7 34. Nb3 b5 35. Rac2 Na6 36. Rc8 Nb4 37. R2c7 Rxc7 38. Rxc7 Na6 39. Ra7 Nb8 40. Ra8 Nc6 41. Kd3 h5 42. e4 Nb4+ 43. Kc3 Nc6 44. exd5 exd5 45. Kd3 b4 46. Ra6 Ne7 47. g4 Nf5 48. gxf5 gxf5 49. Nc1 Be7 50. Kc2 Bg5 51. Nd3 Bf6 52. Nxb4 Bxd4 53. Rxa3 Bc5 54. Ra4 d4 55. Nd3 Bd6 56. Rxd4 Bxh2 57. Rh4 Bd6 58. Rxh5 Kg6 59. Rh1 Kg5 60. Rg1+ Kf6 61. Rg8 Be7 62. Kc3 Ke6 63. Kd4 Bf6+ 64. Ke3 Be7 65. Ra8 Bg5+ 66. f4 Bh4 67. Ra6+ Ke7 68. Ne5 Kf8 69. Ra8+ Kg7 70. Ra7 Kh6 71. Rxf7 Bd8 72. Rxf5 Bb6+ 73. Ke4 Bc7 74. Rf6+ 1-0


[Site "https://www.chess.com"]

[Event "Titled Tuesday Blitz February 07 Early 2023"]
[White "Zhigalko, Sergei"]
[Black "Nguyen, Quoc Hy"]
[WhiteFideId "13502956"]
[BlackFideId "12410853"]
[WhiteElo "2572"]
[BlackElo "2352"]
[Result "1-0"]
[Round "10"]
[TimeControl "180+2"]
[Date "2023.02.07"]
[WhiteClock "0:01:02"]
[BlackClock "0:00:49"]

1. e4 c5 2. Nf3 Nc6 3. c3 Nf6 4. e5 Nd5 5. Bc4 Nb6 6. Bb3 c4 7. Bc2 d6 8. exd6 e5 9. O-O Bxd6 10. d3 Bg4 11. dxc4 Nxc4 12. Re1 Qf6 13. Be4 O-O-O 14. Qb3 Bxf3 15. Bxf3 Nb6 16. Nd2 Qg6 17. Nc4 Nxc4 18. Qxc4 f5 19. Bxc6 bxc6 20. Qxc6+ Kb8 21. Be3 e4 22. Qb5+ Ka8 23. Rad1 f4 24. Qc6+ Kb8 25. Rxd6 1-0


[Site "https://www.chess.com"]

[Event "Titled Tuesday Blitz February 07 Early 2023"]
[White "Lianes Garcia, Marcos"]
[Black "Gharibyan, Mamikon"]
[WhiteFideId "32060777"]
[BlackFideId "13308300"]
[WhiteElo "2411"]
[BlackElo "2500"]
[Result "1/2-1/2"]
[Round "10"]
[TimeControl "180+2"]
[Date "2023.02.07"]
[WhiteClock "0:01:00"]
[BlackClock "0:01:24"]

1. e4 e5 2. g3 Nf6 3. Bg2 Bc5 4. Ne2 O-O 5. O-O d5 6. exd5 Nxd5 7. d4 exd4 8. Nxd4 Nb4 9. c3 Bxd4 10. cxd4 c6 11. Nc3 Bf5 12. Be3 Re8 13. d5 Nc2 14. Rc1 Nxe3 15. fxe3 Bg6 16. Qd4 Qb6 17. Na4 Qxd4 18. exd4 h5 19. Nc5 cxd5 20. Bxd5 Nc6 21. Bxc6 bxc6 22. Rfe1 Red8 23. Nb3 a5 24. Rc4 Rab8 25. Kf2 Kh7 26. Re5 Rd5 27. Rxd5 cxd5 28. Ra4 Bc2 29. Rxa5 Bxb3 30. axb3 Rxb3 31. Rxd5 Rxb2+ 32. Kg1 1/2-1/2


[Site "https://www.chess.com"]

[Event "Titled Tuesday Blitz February 07 Early 2023"]
[White "Belozerov, Andrei"]
[Black "Postny, Evgeny"]
[WhiteFideId "4120213"]
[BlackFideId "2804344"]
[WhiteElo "2461"]
[BlackElo "2549"]
[Result "1-0"]
[Round "10"]
[TimeControl "180+2"]
[Date "2023.02.07"]
[WhiteClock "0:00:16"]
[BlackClock "0:00:03"]

1. e4 e5 2. Nf3 Nc6 3. Bb5 a6 4. Ba4 Nf6 5. O-O Be7 6. Re1 b5 7. Bb3 d6 8. c3 Na5 9. Bc2 c5 10. d4 Qc7 11. a4 b4 12. Nbd2 O-O 13. d5 bxc3 14. bxc3 c4 15. Ba3 Nd7 16. Qe2 Bb7 17. Rab1 Rfc8 18. Rb4 Rab8 19. Reb1 Bf8 20. Nh4 g6 21. g3 Bh6 22. Ng2 Ba8 23. Ne3 Rxb4 24. Bxb4 Nc5 25. Ndxc4 Nxc4 26. Nxc4 Rb8 27. Kg2 Bb7 28. Ba5 Qe7 29. Rb6 Rd8 30. Bb4 Qc7 31. a5 f5 32. f3 fxe4 33. fxe4 Bc8 34. Rc6 Qd7 35. Rxd6 Qh3+ 36. Kg1 Rf8 37. Bxc5 Bg4 38. Qg2 Qh5 39. Nxe5 Qxe5 40. Rc6 Qxc3 41. Bf2 Qd2 42. d6 Qf4 43. gxf4 Bf3 44. Qxf3 1-0


[Site "https://www.chess.com"]

[Event "Titled Tuesday Blitz February 07 Early 2023"]
[White "Bachmann, Axel"]
[Black "Ajay, Karthikeyan"]
[WhiteFideId "3700488"]
[BlackFideId "35011685"]
[WhiteElo "2604"]
[BlackElo "2454"]
[Result "1-0"]
[Round "10"]
[TimeControl "180+2"]
[Date "2023.02.07"]
[WhiteClock "0:00:27"]
[BlackClock "0:00:01"]

1. b3 e5 2. Bb2 Nc6 3. e3 Nf6 4. c4 d5 5. cxd5 Nxd5 6. Bb5 Bd6 7. Nf3 Qe7 8. Nc3 Nxc3 9. Bxc3 Bd7 10. d4 exd4 11. Nxd4 Nxd4 12. Bxd7+ Qxd7 13. Qxd4 O-O-O 14. Qxa7 Qc6 15. Qa8+ Kd7 16. Qa4 Qxa4 17. bxa4 f6 18. a5 Rhe8 19. Ke2 Be5 20. Rhd1+ Kc8 21. Rxd8+ Kxd8 22. Rd1+ Kc8 23. Bb4 Re6 24. g3 f5 25. Rd5 g6 26. f3 Kb8 27. Rd8+ Ka7 28. a4 Bd6 29. Bxd6 Rxd6 30. Rc8 Rc6 31. e4 fxe4 32. fxe4 Rc4 33. Kd3 Rxa4 34. Rxc7 h5 35. e5 Rxa5 36. Kd4 Kb6 37. Rc2 Ra1 38. e6 Re1 39. Kd5 Ka5 40. Kd6 b5 41. e7 b4 42. Rc5+ Ka4 43. Re5 Rxe5 1-0


[Site "https://www.chess.com"]

[Event "Titled Tuesday Blitz February 07 Early 2023"]
[White "Seo, Jung Min"]
[Black "Madaminov, Mukhiddin"]
[WhiteFideId "1734687"]
[BlackFideId "14210703"]
[WhiteElo "2494"]
[BlackElo "2422"]
[Result "1-0"]
[Round "10"]
[TimeControl "180+2"]
[Date "2023.02.07"]
[WhiteClock "0:00:59"]
[BlackClock "0:00:14"]

1. e4 e5 2. Nf3 Nc6 3. Bb5 a6 4. Ba4 Nf6 5. O-O Nxe4 6. d4 b5 7. Bb3 d5 8. dxe5 Be6 9. Nbd2 Be7 10. c3 O-O 11. Bc2 f5 12. Nb3 Qd7 13. Nbd4 Nd8 14. Nxe6 Nxe6 15. Nd4 c5 16. Nxe6 Qxe6 17. f3 Ng5 18. Bxg5 Bxg5 19. f4 Be7 20. a4 c4 21. Kh1 Bc5 22. b3 g6 23. h3 b4 24. cxb4 Bxb4 25. bxc4 dxc4 26. Qf3 Rad8 27. Rad1 a5 28. Kh2 Bd2 29. Qe2 c3 30. Rb1 Kg7 31. Rb7+ Rf7 32. Bb3 Rd5 33. Rxf7+ Qxf7 34. Qc4 Qd7 35. Qxd5 Qxd5 36. Bxd5 c2 37. g3 c1=Q 38. Rxc1 Bxc1 39. Kg2 h5 40. Kf3 Bd2 41. Bc4 Bc1 42. g4 hxg4+ 43. hxg4 fxg4+ 44. Kxg4 Ba3 45. Bd3 Be7 46. Kf3 Ba3 47. Ke4 Bc1 48. Bf1 Kf7 49. Bh3 Ke7 50. Bg4 Bd2 51. Be2 Bc1 52. Bd3 Bd2 53. Kf3 Kf7 54. Kg4 Bb4 55. Kg5 Be7+ 56. Kh6 Bf8+ 57. Kg5 Be7+ 58. Kh6 Bf8+ 59. Kh7 Bb4 60. Bc4+ Ke7 61. Kxg6 Bc3 62. Kf5 Bb2 63. Ke4 Ke8 64. f5 Ke7 65. f6+ 1-0


[Site "https://www.chess.com"]